 Dungeon Crawl Stone Soup version 0.27-a0-1189-gb8eb6cee8e (webtiles) character file.

Game seed: 5632010157806506513

37 Gargoyl the Skirmisher (level 3, -2/35 HPs)
             Began as a Gnoll Abyssal Knight on May 23, 2021.
             Was a Follower of Lugonu.
             Slain by Sigmund
             ... wielding a +0 scythe
              (11 damage)
             ... on level 2 of the Dungeon.
             The game lasted 00:01:53 (1705 turns).

Gargoyl the Skirmisher (Gnoll Abyssal Knight)       Turns: 1705, Time: 00:01:54

Health: -2/35      AC:  7    Str: 10 (12) XL:     3   Next: 39%
Magic:  6/6        EV: 10    Int:  9 (11) God:    Lugonu [*.....]
Gold:   25         SH:  0    Dex: 11      Spells: 3/3 levels left

rFire    . . .     SeeInvis .   a - +1 hand axe
rCold    . . .     Faith    .   (no shield)
rNeg     . . .     Spirit   .   c - +0 ring mail
rPois    .         Reflect  .   d - +0 helmet
rElec    .         Harm     .   (no cloak)
rCorr    .         Rampage  .   (no gloves)
Will     .....                  (no boots)
Stlth    +.........             (no amulet)
HPRegen  0.11/turn              (no ring)
MPRegen  0.10/turn              (no ring)

@: no status effects
A: fangs 1, strong nose, distributed training
a: Renounce Religion, Depart the Abyss


You were on level 2 of the Dungeon.
You worshipped Lugonu.
Lugonu was aware of your devotion.
You visited 1 branch of the dungeon, and saw 2 of its levels.
You visited the Abyss 1 time.

You collected 25 gold pieces.

Inventory:

Hand Weapons
 a - a +1 hand axe (weapon)
Armour
 c - a +0 ring mail (worn)
 d - a +0 helmet (worn)
Scrolls
 e - 2 scrolls of identify {unknown}
 f - a scroll of enchant armour {unknown}


   Skills:
 + Level 6.5 Fighting
 + Level 0.7 Short Blades
 + Level 0.7 Long Blades
 + Level 4.5 Axes
 + Level 0.7 Maces & Flails
 + Level 0.7 Polearms
 + Level 0.7 Staves
 + Level 0.7 Slings
 + Level 0.7 Bows
 + Level 0.7 Crossbows
 + Level 0.7 Throwing
 + Level 4.5 Armour
 + Level 2.6 Dodging
 + Level 0.7 Stealth
 + Level 0.7 Shields
 + Level 0.7 Unarmed Combat
 + Level 0.7 Spellcasting
 + Level 0.5 Conjurations
 + Level 0.5 Hexes
 + Level 0.5 Summonings
 + Level 0.5 Necromancy
 + Level 0.5 Translocations
 + Level 0.5 Transmutations
 + Level 0.5 Fire Magic
 + Level 0.5 Ice Magic
 + Level 0.5 Air Magic
 + Level 0.5 Earth Magic
 + Level 0.5 Poison Magic
 + Level 4.5 Invocations
 + Level 0.7 Evocations


You had 3 spell levels left.
You didn't know any spells.
Your spell library contained the following spells:

 Spells                   Type           Power      Damage    Failure   Level
 Summon Small Mammal      Summ           4%         N/A       58%         1
 Call Imp                 Summ           1%         N/A       73%         2
 Call Canine Familiar     Summ           1%         N/A       91%         3
 Summon Guardian Golem    Hex/Summ       1%         N/A       91%         3
 Summon Ice Beast         Ice/Summ       1%         N/A       100%        4
 Summon Lightning Spire   Summ/Air       1%         N/A       100%        4


Dungeon Overview and Level Annotations

Branches:
Dungeon (2/15)

Altars:

Annotations:
D:2 Sigmund


Innate Abilities, Weirdness & Mutations

You have very sharp teeth.
Your uncanny sense of smell can sniff out nearby items.
Your experience applies equally to all skills.


Message History

You bump into the rock wall.
You bump into the rock wall.
Sigmund points at himself and mumbles some strange words.
Sigmund flickers and vanishes!
Deactivating autopickup; reactivate with Ctrl-A.
You are more confused.
You're too confused to move!
You're too confused to move!
Something hits you but does no damage.
You bump into the rock wall.
Something hits you.
You are too confused!
Unknown command.
You are too confused!
You bump into the rock wall.
Something hits you!
You bump into the rock wall.
Something hits you.
You bump into the rock wall.
Something hits you but does no damage.
You aren't carrying any potions.
You bump into the rock wall.
You feel less confused.
You hear some strange, mumbled words.
Something tries to affect you, but you resist.
Found a stone staircase leading down.
Found a quarterstaff.
Found 13 gold pieces.
Found a stone staircase leading up.
You see here 13 gold pieces.
Sigmund gestures at you while chanting.
You are confused.
Sigmund gestures at you while chanting.
You are more confused.
Sigmund gestures at you while chanting. The puff of flame misses you.
You're too confused to move!
You're too confused to move!
Sigmund flickers, as though insubstantial.
Sigmund hits you with a +0 scythe!
* * * LOW HITPOINT WARNING * * *
Sigmund hits you but does no damage.
You feel less confused.
Sigmund hits you from afar with a +0 scythe!
You die...

,,,,,,,,,,***#.########.##.#
,,,,,,,,,,*###........#..#.#
,,,,,,,,,,,...........#..#.#
,,,,,,,,,,***#........#....#
,,,,,,,,,,* #..........#..#
,,,,,,,,,,* #......$.###..#
,,,,,,,,,,* #........# *#>#
,,,,,,,,,,* #....@)..# *##
*********** #<.@.....#
##########


You could see Sigmund.

Vanquished Creatures
  An adder (D:2)
  An ufetubus (Abyss:1)
  A dart slug (D:1)
  An endoplasm (D:1)
  4 goblins
  A hobgoblin (D:1)
  A quokka (D:1)
  A ball python (D:1)
  3 bats (D:1)
  2 frilled lizards (D:1)
  5 kobolds
  2 rats (D:1)
23 creatures vanquished.

Notes
Turn   | Place    | Note
-------+----------+-------------------------------------------
     0 | Abyss:1  | Gargoyl the Gnoll Abyssal Knight began the quest for the
                  | Orb.
     0 | Abyss:1  | Reached XP level 1. HP: 23/23 MP: 3/3
   312 | Abyss:1  | Noticed a small abomination
   331 | Abyss:1  | Noticed a worldbinder
   332 | D:1      | Escaped the Abyss
   672 | D:1      | Reached XP level 2. HP: 29/29 MP: 5/5
  1377 | D:1      | Reached * piety under Lugonu
  1398 | D:1      | Reached XP level 3. HP: 35/35 MP: 6/6
  1662 | D:2      | Noticed Sigmund
  1705 | D:2      | Slain by Sigmund

Illustrated notes

Levels and vault maps discovered:
D:1:      mrwooster_arrival_statue_2, layout_loops_corners, minivault_4,
          grunt_decor_cap, chequers_hall_statues_y, serial_bayou_pond_e
D:2:      layout_basic, uniq_sigmund

Action                   || total
-------------------------++-------
Melee: Hand axe          ||    77
       Bite              ||     7
Invok: Depart the Abyss  ||     1
  Use: Scroll            ||     2
       Potion            ||     1
Armor: Ring mail         ||    51
Dodge: Dodged            ||    50

Table legend: (Time is in decaauts)
 A = Elapsed time spent in this place.
 B = Non-inter-level travel time spent in this place.
 C = Inter-level travel time spent in this place.
 D = Time resting spent in this place.
 E = Time spent auto-exploring this place.
 F = Levels seen in this place.
 G = Mean time per level.
                   A        B        C        D        E       F      G
               +--------+--------+--------+--------+--------+-----+--------+
         Total |   1712 |   1658 |     54 |      0 |   1334 |   3 |  570.7 |
       Dungeon |   1379 |   1325 |     54 |      0 |   1067 |   2 |  689.5 |
         Abyss |    332 |    332 |      0 |      0 |    267 |   1 |  332.0 |
               +--------+--------+--------+--------+--------+-----+--------+

Top non-repeatable levels by time:
     D:1: 1229 daAuts
 Abyss:1: 332 daAuts
     D:2: 150 daAuts
